 Dungeon Crawl Stone Soup version 0.30-a0-219-gf2db51d15e (webtiles) character file.

Game seed: 2383768724040415969

123 House the Chopper (level 4, -3/58 HPs)
             Began as a Minotaur Berserker on Oct 8, 2022.
             Was a Believer of Trog.
             Killed from afar by an electric eel (11 damage)
             ... with a bolt of electricity
             ... on level 3 of the Dungeon.
             The game lasted 00:05:11 (2252 turns).

House the Chopper (Minotaur Berserker)              Turns: 2252, Time: 00:05:12

Health: -3/58      AC:  7    Str: 23    XL:     4   Next: 80%
Magic:  3/3        EV: 10    Int:  4    God:    Trog [**....]
Gold:   148        SH:  5    Dex: 10    Spells: 3/3 levels left

rFire   . . .      SeeInvis .    a - +0 hand axe
rCold   . . .      Faith    .    (no shield)
rNeg    . . .      Spirit   .    i - +0 scale mail
rPois   .          Reflect  +    (helmet restricted)
rElec   .          Harm     .    k - +0 cloak
rCorr   .          Rampage  .    (no gloves)
Will    .....                    (no boots)
Stlth   ..........               f - amulet of reflection
HPRegen 0.29/turn                (no ring)
MPRegen 0.08/turn                (no ring)

@: berserking (expiring), very quick
A: horns 2, retaliatory headbutt
a: Renounce Religion, Berserk, Trog's Hand


You were on level 3 of the Dungeon.
You worshipped Trog.
Trog was pleased with you.
You visited 1 branch of the dungeon, and saw 3 of its levels.

You collected 148 gold pieces.

Inventory:

Hand Weapons
 a - a +0 hand axe (weapon)
Armour
 i - a +0 scale mail (worn)
 k - a +0 cloak (worn)
Jewellery
 f - an amulet of reflection (around neck)
 j - a ring of ice
Wands
 r - a wand of flame (18)
Scrolls
 b - 3 scrolls of amnesia {unknown}
 d - a scroll of teleportation {unknown}
 e - a scroll of noise {unknown}
 g - a scroll of vulnerability {unknown}
 m - a scroll of poison {unknown}
 n - a scroll of enchant weapon {unknown}
 o - a scroll of enchant armour {unknown}
Potions
 c - 2 potions of haste {unknown}
 h - 2 potions of curing {unknown}
 l - a potion of magic {unknown}
 p - a potion of ambrosia {unknown}
 q - 2 potions of lignification {unknown}


   Skills:
 - Level 3.6 Fighting
 + Level 6.7 Axes
 - Level 2.4 Armour
 - Level 2.1 Dodging


You had 3 spell levels left.
You didn't know any spells.
Your spell library was empty.

Dungeon Overview and Level Annotations

Branches:
Dungeon (3/15)

Altars:
Trog
Zin

Shops:
D:1 ?


Innate Abilities, Weirdness & Mutations

You have a pair of horns on your head.
You reflexively headbutt those who attack you in melee.


Message History

There are no items here.
There is a transporter landing site here.
You can't go down here!
You open the door.
The electric eel shoots out a bolt of lightning at you!
The bolt of electricity hits you!
The electric eel shoots out a bolt of lightning at you!
The bolt of electricity misses you. x2; The bolt of electricity hits the plant!
The plant begins to die.
There is an open door here.
A red film seems to cover your vision as you go berserk!
You feel yourself moving faster!
You feel mighty!
The electric eel shoots out a bolt of lightning at you!
The bolt of electricity hits you! x2
You feel a strong urge to attack something.
You slash the electric eel!
The electric eel is heavily wounded.
You barely miss the electric eel.
The electric eel shoots out a bolt of lightning at you!
The bolt of electricity hits you.
* * * LOW HITPOINT WARNING * * *
The bolt of electricity hits the electric eel.
The electric eel completely resists.
The bolt of electricity hits the electric eel.
The electric eel completely resists.
The electric eel shoots out a bolt of lightning at you!
The bolt of electricity hits you!
* * * LOW HITPOINT WARNING * * *
You slice the electric eel!!
You kill the electric eel!
Trog accepts your kill.
You hear a splash.
You slash the electric eel! You barely miss the electric eel.
The electric eel is heavily wounded.
A nearby plant withers and dies.
Found 15 gold pieces.
The electric eel shoots out a bolt of lightning at you!
The bolt of electricity hits you!
You die...

#.†.....##.##.# #.#.#..........
#.#.....##.##.# #.#.#..........
#.#..#####.##.# ..............
#.#..# #.##.# ..............
#.#... ..##.#######........†.#.
#.#.... ....).........#.....†...
#.####.# #############.#...###.#.
#.# .#8P#~~~~~S†#~8#.....# #.#.
#.###..#..#~~~PS@.#..#...#.###.#.
......© $+~~~♣~$.'.©#©..#.......
#.###.. .#~P~~~..#..#...#.|....#
#### P#~~~~~~~#P8#.#.#.###..#
..^# #############.....# #..#
.#.# .................... # .#.#
#####..?...####.######## ##.#
#...#### #..#.....# ...# ##.#
##.#.._..#


You could see 2 electric eels.

Vanquished Creatures
  An electric eel (D:3)
  An adder (D:2)
  2 worms (D:2)
  A dart slug (D:1)
  4 endoplasms
  A giant cockroach (D:1)
  2 goblins (D:2)
  9 hobgoblins
  7 jackals
  4 quokkas
  4 ball pythons
  5 frilled lizards
  15 kobolds
  8 rats
64 creatures vanquished.

Vanquished Creatures (others)
  9 plants
9 creatures vanquished.

Grand Total: 73 creatures vanquished

Notes
Turn   | Place    | Note
-------+----------+-------------------------------------------
     0 | D:1      | House the Minotaur Berserker began the quest for the Orb.
     0 | D:1      | Reached XP level 1. HP: 19/19 MP: 0/0
    37 | D:1      | Reached skill level 4 in Axes
    74 | D:1      | Reached XP level 2. HP: 22/26 MP: 1/1
   142 | D:1      | Found Nuefiuje's Magic Scroll Boutique.
   421 | D:1      | Reached skill level 5 in Axes
   844 | D:2      | Reached XP level 3. HP: 30/31 MP: 2/2
   957 | D:2      | Reached ** piety under Trog
  1469 | D:2      | Reached XP level 4. HP: 39/39 MP: 3/3
  1472 | D:2      | Reached skill level 6 in Axes
  1514 | D:2      | Found a bloodstained altar of Trog.
  1703 | D:2      | Found a faded altar of an unknown god.
  2029 | D:3      | Found a glowing silver altar of Zin.
  2135 | D:3      | Found a bloodstained altar of Trog.
  2214 | D:3      | Found a transporter.
  2252 | D:3      | Killed from afar by an electric eel

Illustrated notes

Levels and vault maps discovered:
D:1:      dpeg_arrival_oval, layout_basic, serial_shops, shop,
          hangedman_decor_growths, serial_park_tiny_2, lexackson_kobold_supper
D:2:      layout_loops_corners, basic_altar,
          hellmonk_ecumenical_altar_leap_of_faith
D:3:      gammafunk_steamed_eel, layout_loops_ring,
          mainiacjoe_overflow_alcove_2, mainiacjoe_overflow_alcove_4

Skill      XL: |  1  2  3  4 |
---------------+-------------+-----
Axes           | 4 5 6 |  6.7
Fighting       | |  3.6
Armour         | |  2.4
Dodging        | |  2.1

Action                   |  1- 3 |  4- 6 || total
-------------------------+-------+-------++-------
Melee: Hand axe          |    98 |    49 ||   147
       Headbutt          |    14 |     4 ||    18
       Punch             |     1 |       ||     1
Invok: Berserk           |     1 |     1 ||     2
Armor: Animal skin       |     7 |       ||     7
       Scale mail        |    25 |    16 ||    41
Dodge: Dodged            |    52 |    24 ||    76
Block: Other             |    20 |     8 ||    28
       Reflection        |     1 |       ||     1

Table legend: (Time is in decaauts)
 A = Elapsed time spent in this place.
 B = Non-inter-level travel time spent in this place.
 C = Inter-level travel time spent in this place.
 D = Time resting spent in this place.
 E = Time spent auto-exploring this place.
 F = Levels seen in this place.
 G = Mean time per level.
                   A        B        C        D        E       F      G
               +--------+--------+--------+--------+--------+-----+--------+
         Total |   2259 |   2179 |     80 |    176 |   1520 |   3 |  753.0 |
       Dungeon |   2259 |   2179 |     80 |    176 |   1520 |   3 |  753.0 |
               +--------+--------+--------+--------+--------+-----+--------+

Top non-repeatable levels by time:
     D:2: 1073 daAuts
     D:1: 842 daAuts
     D:3: 343 daAuts
